Map: Moonlight Madness LE (Void)

Players

Smithlor

  • Race: Zerg Zerg
  • League: Gold

CunningStunt - Winner!

  • Race: Protoss Protoss
  • League: Gold

VOD

Have the link to the VOD?

Description

Time

  • Played on: Sept. 8, 2015, 11:29 a.m.
  • Length: 10:28
Show
View Real Time Build Order
Export as new Build Order

Smithlor Zerg 

Build Orders: Pool First, Ravager All-In 

Get SALT Encoding   

  12  0:03  Drone  
  13  0:14  Overlord  
  13  0:17  Drone  
  14  0:40  Drone  
  14  0:41  Spawning Pool  
  14  0:43  Drone  
  15  1:05  Extractor  
  15  1:07  Drone x3  
  17  1:44  Queen  
  17  1:45  Hatchery  
  18  1:53  Zergling x2  
  19  1:59  Overlord  
  19  2:15  Roach Warren  
  18  2:24  Queen  
  20  2:30  Drone x3, Extractor  
  22  3:04  Queen  
  24  3:12  Roach x5  
  34  3:22  Overlord  
  34  3:37  Drone x2  
  36  3:51  Overlord  
  36  4:03  Ravager x2  
  36  4:04  Ravager x3  
  41  4:15  Drone x3  
  41  4:16  Drone x4  
  48  4:23  Overlord  
  42  4:44  Drone x6  
  45  4:54  Drone  
  45  4:55  Drone x3  
  45  4:56  Drone  
  47  5:16  Metabolic Boost  
  47  5:19  Extractor  
  43  5:21  Extractor  
  42  5:34  Roach x9  
  60  5:43  Overlord x2  
  60  6:04  Lair  
  60  6:05  Zergling x2  
  60  6:06  Zergling x18  
  70  6:16  Overlord  
  70  6:17  Zergling x2  
  71  6:25  Overlord x2  
  71  6:34  Overlord  
  71  6:41  Ravager x5  
  71  6:44  Zergling x2  
  71  6:45  Zergling x10  
  74  7:08  Roach  
  74  7:10  Zergling x2  
  74  7:11  Zergling x10  
  63  7:18  Roach  
  63  7:27  Drone  
  63  7:28  Hatchery  
  63  7:29  Drone  
  64  7:33  Drone  
  65  7:37  Drone x2  
  65  7:40  Drone x2  
  69  7:47  Drone  
  70  7:57  Hatchery  
  55  8:08  Overlord  
  55  8:15  Zergling x2  
  55  8:16  Zergling x4  
  55  8:19  Roach  
  59  8:20  Roach x4  
  67  8:28  Roach x4  
  67  8:48  Roach  
  61  8:49  Roach x5  
  56  9:10  Roach x4  
  44  9:40  Drone x6  
  48  9:52  Drone x2  
  48  10:10  Extractor  
  47  10:17  Hatchery  
Show
View Real Time Build Order
Export as new Build Order

CunningStunt Protoss - Winner!

Build Orders:  

Get SALT Encoding   

  12  0:00  Probe (Chrono Boost)  
  13  0:10  Probe (Chrono Boost)  
  14  0:18  Pylon  
  14  0:22  Probe (Chrono Boost)  
  15  0:36  Probe (Chrono Boost)  
  15  0:40  Gateway  
  16  0:46  Probe (Chrono Boost)  
  17  0:56  Probe (Chrono Boost)  
  18  1:06  Probe (Chrono Boost)  
  18  1:08  Assimilator  
  18  1:11  Pylon  
  19  1:16  Probe (Chrono Boost)  
  20  1:27  Cybernetics Core  
  20  1:29  Zealot  
  22  1:33  Probe (Chrono Boost)  
  23  1:42  Assimilator  
  23  1:43  Probe (Chrono Boost)  
  24  1:53  Probe (Chrono Boost), Gateway  
  25  2:04  Adept  
  25  2:05  Probe (Chrono Boost)  
  28  2:18  Mothership Core (Chrono Boost)  
  30  2:23  Warp Gate (Chrono Boost)  
  30  2:41  Nexus  
  30  2:48  Probe, Pylon  
  31  3:06  Probe  
  32  3:13  Robotics Facility  
  32  3:18  Probe  
  33  3:31  Probe, Pylon  
  34  3:43  Probe  
  35  3:54  Gateway  
  35  3:57  Gateway  
  35  3:59  Immortal (Chrono Boost)  
  39  4:14  Stalker x2  
  39  4:17  Pylon  
  43  4:21  Probe  
  43  4:23  Probe  
  45  4:27  Assimilator  
  45  4:31  Probe  
  45  4:34  Immortal (Chrono Boost)  
  45  4:35  Probe  
  41  4:57  Stalker x2  
  45  5:02  Stalker x2  
  49  5:16  Warp Prism (Chrono Boost)  
  49  5:17  Probe  
  49  5:18  Probe  
  53  5:24  Assimilator  
  53  5:27  Probe  
  53  5:31  Probe  
  55  5:37  Probe  
  55  5:40  Twilight Council  
  55  5:41  Pylon  
  56  5:43  Probe  
  56  5:46  Immortal (Chrono Boost)  
  56  5:48  Probe  
  62  5:55  Probe  
  63  5:58  Probe  
  64  6:07  Probe  
  65  6:20  Immortal (Chrono Boost)  
  65  6:24  Probe, Charge  
  69  6:26  Probe  
  71  6:33  Pylon  
  71  6:34  Probe  
  71  6:35  Pylon  
  71  6:37  Gateway  
  71  6:39  Gateway  
  72  6:47  Adept  
  72  6:48  Adept x2  
  70  7:14  Immortal (Chrono Boost)  
  64  7:39  Robotics Bay  
  64  7:41  Pylon  
  64  7:44  Pylon  
  64  7:48  Zealot x6  
  76  8:07  Immortal (Chrono Boost)  
  80  8:23  Zealot x6  
  92  8:30  Probe  
  92  8:32  Probe  
  94  8:39  Colossus (Chrono Boost)  
  100  8:44  Probe  
  100  8:46  Mothership Core  
  101  8:50  Nexus  
  101  8:52  Pylon  
  101  8:53  Pylon  
  101  8:55  Pylon x2  
  101  8:56  Pylon  
  101  9:00  Pylon  
  99  9:15  Templar Archives, Probe  
  94  9:17  Probe  
  94  9:20  Shield Upgrade  
  95  9:29  Probe  
  96  9:32  Forge  
  96  9:34  Colossus (Chrono Boost)  
  96  9:35  Forge  
  96  9:36  Probe  
  97  9:41  Probe  
  97  9:45  Zealot x3  
  92  9:46  Probe, Zealot  
  97  10:04  Probe x2  
  97  10:05  Probe  
  94  10:08  Assimilator  
  94  10:11  Assimilator  
  94  10:12  High Templar x3  
  94  10:13  High Templar x3  
  106  10:15  Archon x3  
  106  10:24  Photon Cannon  
  106  10:25  Photon Cannon  
Tags
 
Add a new tag
Caveats
  • Supply blocks, unpowered buildings, or Contaminate may cause inaccurate times.
  • Supply counts are checked every 10 seconds.